Map: Dusty Gorge

Players

Gourdin

  • Race: Terran Terran
  • Spawn Location: 3:00

yannickd

  • Race: Terran Terran
  • Spawn Location: 5:00

Massa - Winner!

  • Race: Terran Terran
  • League: Gold
  • Spawn Location: 11:00

qqq - Winner!

  • Race: Zerg Zerg
  • League: Platinum
  • Spawn Location: 9:00

VOD

Have the link to the VOD?

Description

Time

  • Played on: April 16, 2020, 12:38 p.m.
  • Length: 11:53
Show
View Real Time Build Order
Export as new Build Order

Gourdin Terran 

Build Orders:  

Get SALT Encoding   

  12  0:04  SCV  
  13  0:16  Supply Depot  
  13  0:18  SCV  
  14  0:32  SCV  
  15  0:41  Barracks  
  15  0:44  SCV  
  15  0:49  Refinery  
  16  1:05  SCV  
  16  1:11  Refinery  
  17  1:17  SCV  
  18  1:29  SCV  
  18  1:30  Supply Depot  
  19  1:33  Reaper  
  20  1:41  SCV  
  21  1:49  Supply Depot  
  21  1:53  SCV  
  22  2:05  Reaper  
  22  2:07  Factory  
  23  2:12  SCV  
  24  2:24  SCV  
  24  2:28  Engineering Bay  
  25  2:37  SCV  
  27  2:51  Factory Tech Lab  
  25  3:00  Marine  
  25  3:09  Supply Depot  
  25  3:10  Supply Depot  
  25  3:17  Siege Tank  
  25  3:18  Marine  
  29  3:24  Supply Depot  
  29  3:31  Planetary Fortress  
  28  3:35  Marine  
  25  3:49  Siege Tank  
  25  3:53  Marine  
  16  4:57  SCV  
  17  5:09  SCV  
  11  5:30  Siege Tank  
  11  5:33  SCV  
  15  5:45  SCV  
  16  5:57  SCV  
  17  6:05  Missile Turret  
Show
View Real Time Build Order
Export as new Build Order

yannickd Terran 

Build Orders:  

Get SALT Encoding   

  12  0:03  SCV  
  13  0:15  Supply Depot  
  13  0:19  SCV  
  14  0:31  SCV  
  15  0:38  Barracks  
  15  0:43  SCV  
  16  0:55  SCV  
  17  1:13  SCV  
  18  1:21  Command Center  
  19  1:25  SCV  
  19  1:32  Bunker  
  19  1:36  Marine  
  20  1:41  SCV  
  20  1:42  Refinery  
  21  1:48  Refinery  
  21  1:58  Engineering Bay  
  21  2:04  Marine  
  22  2:11  SCV  
  23  2:28  Refinery  
  23  2:30  Refinery  
  23  2:32  SCV, Marine  
  23  2:36  Supply Depot  
  25  2:41  SCV  
  26  2:53  Marine  
  27  3:01  Planetary Fortress  
  27  3:18  Planetary Fortress  
  23  4:08  SCV  
  24  4:15  SCV, Factory  
  25  4:20  SCV  
  27  4:32  SCV  
  27  4:36  Hi-Sec Auto Tracking  
  27  4:44  SCV  
  28  4:48  SCV  
  29  4:55  Supply Depot  
  29  4:57  SCV  
  30  5:00  SCV  
  31  5:09  SCV  
  31  5:12  Factory Tech Lab  
  32  5:15  SCV  
  32  5:21  SCV  
  34  5:27  Starport, SCV  
  35  5:30  Starport  
  35  5:33  SCV  
  35  5:34  Starport  
  36  5:37  Siege Tank  
  39  5:45  SCV  
  40  6:05  Liberator  
  40  6:07  Liberator  
  46  6:24  Supply Depot  
  46  6:42  Supply Depot  
  46  6:45  Viking  
  46  6:46  Supply Depot, Siege Tank  
  42  7:27  Starport Tech Lab  
  42  7:35  Starport Tech Lab  
  42  7:36  Siege Tank  
  45  7:37  Starport Tech Lab  
  45  7:43  Command Center  
  45  7:44  Neosteel Armor  
  45  7:51  Missile Turret  
  45  8:00  Cloaking Field  
  45  8:03  Banshee x2  
  45  8:04  Banshee  
  51  8:50  Banshee x2  
  51  8:52  Banshee  
  49  9:18  Siege Tank  
  37  10:22  SCV  
  38  10:35  SCV  
  39  10:53  Siege Tank  
  42  11:14  Planetary Fortress  
Show
View Real Time Build Order
Export as new Build Order

Massa Terran - Winner!

Build Orders:  

Get SALT Encoding   

  12  0:12  Supply Depot  
  12  0:13  SCV  
  13  0:25  SCV  
  14  0:36  Barracks  
  14  0:37  SCV  
  15  0:49  SCV  
  16  0:52  Supply Depot  
  16  1:02  SCV  
  17  1:14  SCV  
  17  1:16  Barracks  
  18  1:26  Marine  
  19  1:33  Barracks  
  19  1:35  SCV  
  19  1:39  Refinery  
  20  1:44  Marine  
  21  1:51  Orbital Command  
  21  2:02  Marine  
  21  2:08  Barracks  
  22  2:10  Marine  
  23  2:20  SCV, Marine  
  23  2:21  Marine  
  26  2:31  Supply Depot  
  26  2:35  Supply Depot  
  26  2:36  Marine  
  27  2:37  Marine  
  27  2:40  Marine  
  29  2:53  Marine  
  29  2:55  Marine  
  29  2:58  Marine  
  32  3:08  Factory  
  32  3:10  Marine  
  32  3:11  Marine  
  34  3:13  Marine  
  34  3:16  Marine  
  36  3:28  Marine  
  36  3:29  Marine  
  36  3:31  Marine  
  36  3:34  Marine  
  40  3:46  Marine  
  40  3:47  Marine  
  42  3:51  Marine x2  
  42  3:53  Factory Tech Lab  
  43  4:04  Marine  
  44  4:23  Siege Tank  
  47  4:35  Supply Depot  
  47  4:56  Marine x4  
  47  4:57  Siege Tank  
  54  5:10  Supply Depot  
  50  5:14  Marine x4  
  51  5:32  Siege Tank  
  51  5:33  Supply Depot  
  51  5:34  Marine x4  
  54  5:52  Marine x4  
  58  6:10  Marine  
  57  6:12  Siege Tank  
  59  6:20  Marine x3  
  62  6:27  Marine  
  62  6:28  Command Center  
  42  7:31  Marine x4  
  46  7:38  SCV  
  46  7:42  SCV  
  48  7:49  Marine x4  
  48  7:50  SCV  
  53  7:54  SCV  
  54  8:02  SCV  
  55  8:06  SCV, Marine  
  55  8:07  Marine x2  
  59  8:14  SCV  
  59  8:18  SCV  
  61  8:22  Marine  
  61  8:24  Marine x3  
  61  8:26  SCV  
  66  8:30  SCV  
  67  8:37  Supply Depot  
  67  8:40  Marine  
  68  8:42  Marine x3  
  71  8:58  Marine  
  71  8:59  Supply Depot  
  71  9:00  Marine x3  
  71  9:02  Command Center  
  75  9:15  Barracks  
  75  9:16  Marine  
  76  9:18  Marine x3  
  76  9:22  Supply Depot  
  69  9:34  Marine  
  69  9:35  Marine  
  69  9:36  Marine  
  71  9:43  Supply Depot  
  71  9:49  Engineering Bay  
  54  10:03  Barracks  
  54  10:05  Siege Tank  
  55  10:29  Barracks Reactor  
  55  10:33  Factory  
  55  10:34  SCV  
  56  10:36  SCV x2  
  56  10:37  Siege Tank  
  61  10:46  SCV  
  61  10:47  Missile Turret  
  61  10:48  SCV x2  
  64  10:54  Missile Turret  
  64  10:58  SCV  
  64  11:00  SCV x2  
  66  11:07  Missile Turret  
  66  11:10  Barracks Reactor, SCV  
  65  11:12  SCV  
  65  11:16  Orbital Command, Missile Turret  
  66  11:20  Starport  
  66  11:22  SCV  
  66  11:24  SCV  
  71  11:27  Missile Turret  
  71  11:30  Command Center  
  70  11:37  Missile Turret  
Show
View Real Time Build Order
Export as new Build Order

qqq Zerg - Winner!

Build Orders: Hatch First 

Get SALT Encoding   

  12  0:06  Drone  
  13  0:09  Drone  
  14  0:37  Hatchery  
  13  0:53  Spawning Pool  
  12  0:57  Drone  
  12  0:59  Extractor  
  12  1:04  Drone  
  13  1:10  Drone  
  14  1:17  Overlord  
  14  1:30  Overlord  
  14  1:36  Drone  
  15  1:46  Queen  
  17  1:52  Drone  
  18  1:56  Zergling x2  
  19  2:01  Zergling x2  
  20  2:09  Metabolic Boost  
  20  2:14  Zergling x2  
  21  2:17  Zergling x2  
  21  2:22  Zergling x2  
  23  2:24  Zergling x2  
  23  2:29  Zergling x2  
  25  2:32  Zergling x2  
  26  2:37  Zergling x2  
  26  2:39  Zergling x2  
  28  2:57  Zergling x4  
  28  2:58  Zergling x4  
  31  3:05  Zergling x2  
  31  3:06  Zergling x4  
  31  3:11  Overlord  
  34  3:28  Roach Warren  
  33  3:40  Zergling x2  
  33  3:41  Zergling x6  
  33  3:56  Zergling x8  
  33  4:01  Drone  
  29  4:20  Zergling x2  
  29  4:21  Zergling x6  
  29  4:39  Roach x2  
  29  4:40  Roach x2  
  37  4:57  Lair  
  37  4:58  Drone  
  37  4:59  Drone  
  39  5:06  Drone x2  
  36  5:29  Roach x2  
  36  5:30  Roach x2  
  44  5:35  Overlord  
  44  5:53  Overlord  
  44  5:58  Queen  
  44  6:02  Drone x2  
  48  6:04  Roach  
  48  6:08  Drone  
  48  6:09  Extractor  
  50  6:13  Roach  
  50  6:16  Drone  
  50  6:17  Ravager  
  52  6:50  Roach x4  
  60  7:08  Extractor  
  53  7:38  Tunneling Claws  
  53  7:41  Burrow  
  53  7:46  Roach x3  
  53  7:48  Overlord  
  53  7:49  Overlord x4  
  59  8:12  Hatchery  
  43  8:47  Ravager  
  46  8:48  Roach x4  
  46  8:49  Roach x3  
  46  8:50  Roach x3  
  54  9:12  Roach x3  
  57  9:25  Roach x3  
  57  9:26  Roach  
  65  9:35  Overseer  
  65  9:40  Spore Crawler, Roach x13  
  65  9:43  Drone, Spore Crawler  
  64  9:46  Drone  
  65  10:17  Roach x3  
  65  10:18  Roach x2  
  75  10:33  Ravager x3  
  78  10:36  Drone  
  78  10:37  Drone x4  
  83  10:43  Drone  
  84  10:59  Spore Crawler  
  83  11:14  Spire  
  83  11:15  Drone x3  
  83  11:18  Spore Crawler  
  84  11:24  Zergling x6  
  84  11:25  Roach x4  
Tags
 
Add a new tag
Caveats
  • Supply blocks, unpowered buildings, or Contaminate may cause inaccurate times.
  • Supply counts are checked every 10 seconds.